 Dungeon Crawl Stone Soup version 0.26-a0-952-g76694b35de (console) character file.

Game seed: 2892615199003705531

17976 jejorda2 the Carver (level 12, 0/94 HPs)
             Began as a Demonspawn Berserker on Nov 29, 2020.
             Was a High Priest of Trog.
             Killed from afar by an electric eel (8 damage)
             ... with a bolt of electricity
             ... on level 1 of the Lair of Beasts.
             The game lasted 00:32:32 (9264 turns).

jejorda2 the Carver (Demonspawn Berserker)          Turns: 9264, Time: 00:32:32

Health: 0/94       AC: 16    Str: 23    XL:     12   Next: 23%
Magic:  12/12      EV:  9    Int:  9    God:    Trog [*****.]
Gold:   951        SH:  5    Dex: 18    Spells: 11/11 levels left

rFire    . . .     SeeInvis .   a - +1 long sword (vorpal)
rCold    . . .     Faith    .   u - +0 buckler
rNeg     . . .     Spirit   .   I - +3 chain mail {rPois}
rPois    +         Reflect  .   (helmet restricted)
rElec    .         Harm     .   q - +0 cloak
rCorr    .         Rampage  .   (no gloves)
MR       ++...                  (no boots)
Stlth    ..........             w - amulet of regeneration
HPRegen  3.65/turn              (no ring)
MPRegen  0.13/turn              x - +6 ring of dexterity

@: lethally poisoned (0 -> 0), regenerating, very slow
A: horns 1, iridescent scales 1, powered by death 3, spiny 1
a: Berserk, Trog's Hand, Brothers in Arms, Renounce Religion


You were on level 1 of the Lair of Beasts.
You worshipped Trog.
Trog was extremely pleased with you.
You visited 2 branches of the dungeon, and saw 10 of its levels.
You also visited: Ossuary and Ice Cave.

You collected 951 gold pieces.

Inventory:

Hand Weapons
 a - a +1 vorpal long sword (weapon)
 b - a +2 falchion of flaming
 K - a +1 long sword
Missiles
 c - 74 poisoned darts
 f - 157 stones (quivered)
Armour
 q - a +0 cloak (worn)
 u - a +0 buckler (worn)
 I - a +3 chain mail of poison resistance (worn)
Jewellery
 n - an uncursed ring of positive energy
 w - an amulet of regeneration (around neck)
 x - a +6 ring of dexterity (right hand)
 A - an uncursed ring of fire
 J - an uncursed ring of fire
Wands
 p - a wand of polymorph (5)
 v - a wand of random effects (37)
 y - a wand of paralysis (10)
 B - a wand of flame (10)
 C - a wand of acid (9)
 F - a wand of iceblast (10)
Scrolls
 d - 4 scrolls of identify
 e - a scroll of fear
 g - 4 scrolls of remove curse
 h - 2 scrolls of magic mapping
 l - 4 scrolls of blinking
 m - a scroll of fog
 r - 4 scrolls of teleportation
 H - a scroll of enchant weapon
Potions
 i - 5 potions of attraction
 j - 2 potions of magic
 k - 4 potions of curing
 o - 6 potions of heal wounds
 s - a potion of lignification
 t - 2 potions of haste
 z - 2 potions of might
 D - a potion of resistance {unknown}
 G - 2 potions of brilliance


   Skills:
 + Level 8.7 Fighting
 - Level 14.4 Long Blades
 + Level 5.9 Armour
 - Level 1.7 Dodging
 - Level 4.0 Shields
 - Level 4.0 Evocations


You had 11 spell levels left.
You didn't know any spells.
Your spell library was empty.

Dungeon Overview and Level Annotations

Branches:
Dungeon (9/15)             Temple (0/1) D:6            Lair (1/6) D:9
    Orc (0/2) D:9         Ossuary (visited)           IceCv (visited)

Altars:
Dithmenos
Nemelex Xobeh
Okawaru
Sif Muna
Trog
Yredelemnul
Zin
The Shining One

Annotations:
D:9 3 runed translucent doors, Deeps's ghost, novice GrFi


Innate Abilities, Weirdness & Mutations

You have a pair of small horns on your head.
You are partially covered in iridescent scales. (AC +2)
You regenerate a lot of health from kills.
You are partially covered in sharp spines.


Message History

The electric eel shoots out a bolt of lightning at you!
The bolt of electricity hits you!
You enter the shallow water.
Moving in this stuff is going to be slow.
You feel sick.
The electric eel shoots out a bolt of lightning at you!
The bolt of electricity hits the electric eel.
The electric eel completely resists.
The bolt of electricity hits you!
* * * LOW HITPOINT WARNING * * *
The bolt of electricity hits you!
* * * LOW HITPOINT WARNING * * *
The bolt of electricity hits the electric eel.
The electric eel completely resists.
The bolt of electricity hits the electric eel.
The electric eel completely resists.
The electric eel shoots out a bolt of lightning at you!
The bolt of electricity hits you.
* * * LOW HITPOINT WARNING * * *
The bolt of electricity hits you!
You die...

**.≈≈≈≈≈≈≈≈≈.## *,,,,,,,,,***
*.≈≈≈≈.≈≈≈..# *,,,,,,,,,* *
*#≈.≈≈.>.≈.## *,,,,,,,,** *
*#.......#.# *,*,*,,,,* *
#......#### *,***,,,** * #.###..#
*,,**,,,** * #.##...###
***,,*,,,,,* *
#........#####*≈*,,*,,,,≈* *
##.........#@#**≈≈≈≈≈≈*≈≈****
#.........);♣≈*≈**≈≈≈**≈≈*≈≈
*#.........♣;≈♣*≈≈≈≈*≈≈≈≈≈≈*≈
#........♣♣♣≈≈≈≈≈≈≈≈≈≈≈*≈≈≈≈≈
###.....♣♣≈≈≈≈≈≈≈≈≈≈≈≈≈≈≈≈≈*≈
**#....♣♣≈≈♣≈≈≈≈≈≈≈≈≈≈≈≈≈≈≈≈≈
*,#...♣≈≈≈≈≈≈≈≈≈≈≈≈≈≈≈≈≈≈≈≈≈≈
*****,....**≈*≈P≈≈≈≈≈≈≈≈≈≈≈≈≈≈≈≈≈
,,,,,,,..,**≈≈≈≈≈≈≈≈≈≈≈≈≈≈≈≈≈≈≈≈≈


You could see 2 electric eels.

Vanquished Creatures
  A two-headed ogre (D:9)
  Pikel (D:4)
  A necromancer (IceCv)
  2 ice statues (IceCv)
  Joseph (D:7)
  2 cane toads (Lair:1)
  A komodo dragon (Lair:1)
  8 ice devils (IceCv)
  Sigmund (D:3)
  2 yaks
  A human (D:5)
  3 water moccasins
  3 orc warriors (D:9)
  A swamp drake (D:9)
  3 ice beasts
  2 sky beasts
  2 necrophages (D:8)
  A phantom (D:5)
  5 ogres
  3 black bears
  A big kobold (D:8)
  An elf zombie (Ossuary)
  Blork the orc (D:6)
  8 bullfrogs
  A wyvern skeleton (D:8)
  4 scorpions
  2 killer bees (D:7)
  4 electric eels (Lair:1)
  7 howler monkeys
  A bullfrog zombie (D:8)
  2 draconian simulacra (IceCv)
  A quasit (D:9)
  A centaur zombie (Ossuary)
  2 human zombies (Ossuary)
  A jelly (D:9)
  7 orc wizards
  A gnoll shaman (D:9)
  5 orc priests
  2 bullfrog skeletons (D:5)
  8 hounds
  3 iguanas
  7 worker ants
  A spriggan simulacrum (IceCv)
  A killer bee zombie (D:9)
  4 big kobold zombies (Ossuary)
  2 centaur simulacra (IceCv)
  A hound zombie (D:6)
  2 hound skeletons
  2 mummies (Ossuary)
  2 worker ant zombies
  6 gnolls (D:6)
  2 ogre simulacra (IceCv)
  10 adders
  3 naga simulacra (IceCv)
  A shadow imp (D:9)
  2 white imps (D:7)
  2 ufetubi
  2 oozes
  2 worms
  4 dart slugs (D:1)
  5 leopard geckos
  34 orcs
  2 ball pythons
  8 bats
  5 giant cockroaches
  7 goblins
  2 hobgoblins
  8 jackals
  7 quokkas
  12 frilled lizards
  4 gnoll zombies (Ossuary)
  A goblin zombie (Ossuary)
  A hobgoblin zombie (Ossuary)
  12 kobolds
  A kobold zombie (D:6)
  An orc zombie (D:6)
  A quokka skeleton (D:6)
  8 rats
282 creatures vanquished.

Vanquished Creatures (collateral kills)
  A hornet (D:8)
  3 yaks (Lair:1)
  A centaur (D:7)
  2 bullfrogs (D:8)
  2 killer bees (D:7)
9 creatures vanquished.

Vanquished Creatures (others)
  An orc wizard (D:4)
  44 fungi (D:9)
  54 plants
99 creatures vanquished.

Grand Total: 390 creatures vanquished

Notes
Turn   | Place    | Note
-------+----------+-------------------------------------------
     0 | D:1      | jejorda2 the Demonspawn Berserker began the quest for the
                  | Orb.
     0 | D:1      | Reached XP level 1. HP: 18/18 MP: 1/1
    80 | D:1      | Reached skill level 3 in Long Blades
    80 | D:1      | Gained mutation: You regenerate a little health from kills.
                  | [demonic ancestry]
    80 | D:1      | Reached XP level 2. HP: 23/24 MP: 2/2
   457 | D:1      | Gained mutation: You are partially covered in iridescent
                  | scales. (AC +2) [demonic ancestry]
   457 | D:1      | Reached XP level 3. HP: 29/29 MP: 3/3
   589 | D:1      | Reached ** piety under Trog
  1668 | D:2      | Found a shimmering blue altar of Sif Muna.
  1772 | D:2      | Gained mutation: You have a pair of small horns on your
                  | head. [demonic ancestry]
  1772 | D:2      | Reached XP level 4. HP: 34/35 MP: 4/4
  2269 | D:3      | Noticed Sigmund
  2279 | D:3      | Killed Sigmund
  2280 | D:3      | Reached skill level 4 in Long Blades
  2280 | D:3      | Reached XP level 5. HP: 42/42 MP: 5/5
  2468 | D:4      | Noticed Pikel
  2468 | D:4      | Noticed a lemure
  2468 | D:4      | Noticed a lemure
  2470 | D:4      | Noticed a lemure
  2470 | D:4      | Noticed a lemure
  2486 | D:4      | HP: 3/63 [Pikel/+0 whip of freezing (2)]
  2487 | D:4      | Killed Pikel
  2488 | D:4      | Reached skill level 5 in Long Blades
  2488 | D:4      | Gained mutation: You regenerate health from kills. [demonic
                  | ancestry]
  2488 | D:4      | Reached XP level 6. HP: 4/49 MP: 6/6
  2488 | D:4      | Reached XP level 7. HP: 5/55 MP: 7/7
  3514 | D:4      | Reached XP level 8. HP: 61/61 MP: 8/8
  3515 | D:4      | Reached skill level 5 in Fighting
  3558 | D:5      | Entered Level 5 of the Dungeon
  3567 | D:5      | Reached skill level 6 in Long Blades
  3594 | D:5      | Found an iron altar of Okawaru.
  3597 | D:5      | Reached *** piety under Trog
  3608 | D:5      | Found a runed translucent door.
  3614 | D:5      | Found a basalt altar of Yredelemnul.
  3754 | D:5      | Reached skill level 7 in Long Blades
  4113 | D:5      | Found a glowing silver altar of Zin.
  4405 | D:6      | Noticed Blork the orc
  4414 | D:6      | Killed Blork the orc
  4415 | D:6      | Reached skill level 8 in Long Blades
  4427 | D:6      | Found a sand-covered staircase.
  4440 | D:6      | Found a staircase to the Ecumenical Temple.
  4512 | Ossuary  | Entered an ossuary
  4553 | Ossuary  | Reached **** piety under Trog
  4654 | Ossuary  | Reached skill level 9 in Long Blades
  4654 | Ossuary  | Gained mutation: You are partially covered in sharp spines.
                  | [demonic ancestry]
  4654 | Ossuary  | Reached XP level 9. HP: 67/68 MP: 9/9
  5358 | D:7      | Reached skill level 10 in Long Blades
  5527 | D:7      | Noticed Joseph
  5541 | D:7      | Killed Joseph
  5621 | D:7      | Reached skill level 11 in Long Blades
  5740 | D:7      | Found a sparkling altar of Nemelex Xobeh.
  6049 | D:7      | Found a shadowy altar of Dithmenos.
  6089 | D:7      | Reached ***** piety under Trog
  6257 | D:8      | Found a bloodstained altar of Trog.
  6286 | D:8      | Reached XP level 10. HP: 74/74 MP: 10/10
  6298 | D:8      | Paralysed by a hornet for 3 turns
  6439 | D:8      | Reached skill level 12 in Long Blades
  6641 | D:8      | Found a glowing golden altar of the Shining One.
  7287 | D:9      | Found a runed translucent gate.
  7287 | D:9      | Found a runed translucent gate.
  7287 | D:9      | Found a runed translucent gate.
  7294 | D:9      | Noticed a deep troll
  7294 | D:9      | Noticed Deeps's ghost (novice GrFi)
  7410 | D:9      | Found a staircase to the Lair.
  7594 | D:9      | Received a gift from Trog
  7598 | D:9      | Reached skill level 13 in Long Blades
  7612 | D:9      | Found a staircase to the Orcish Mines.
  7701 | D:9      | Reached skill level 14 in Long Blades
  7701 | D:9      | Gained mutation: You regenerate a lot of health from kills.
                  | [demonic ancestry]
  7701 | D:9      | Reached XP level 11. HP: 84/84 MP: 11/11
  7806 | D:9      | Noticed a two-headed ogre
  7824 | D:9      | Killed a two-headed ogre
  7825 | D:9      | Reached skill level 1 in Evocations
  7964 | Lair:1   | Entered Level 1 of the Lair of Beasts
  8015 | Lair:1   | Found a frozen archway.
  8029 | IceCv    | Entered an ice cave
  8388 | IceCv    | Reached skill level 5 in Armour
  8511 | IceCv    | Reached XP level 12. HP: 92/92 MP: 12/12
  8735 | IceCv    | Got a smouldering arbalest
  9263 | Lair:1   | Received a gift from Trog
  9264 | Lair:1   | Killed from afar by an electric eel

Illustrated notes

Levels and vault maps discovered:
D:1:      lemuel_arrival_muddy, layout_loops_ring, minmay_hedge_maze,
          grunt_decor_arrowhead
D:2:      layout_basic, general_overflow_altar, minivault_14,
          minmay_misc_feat_tower
D:3:      layout_basic, uniq_sigmund
D:4:      layout_cave_pools, hangedman_feature_mirror, uniq_pikel
D:5:      layout_loops_ring, lemuel_coloured_pillars_altar,
          okawaru_ov_weapons_minmay, kennysheep_big_empty_room,
          dk_yredelemnul_ordeal
D:6:      layout_loops_ring, minmay_temple_entry_junction_2, enter_ossuary_3,
          uniq_blork_the_orc
D:7:      layout_basic, nicolae_overflow_hidden_temple, st_stairs_14,
          grunt_ministairs_6, nemelex_lonely_heart_becter, uniq_joseph
D:8:      layout_loops_ring, bloody_trog, nicolae_overflow_crystal_walls
D:9:      layout_basic, due_lair_maze_entry_diamond, erik_orc_1,
          gammafunk_ghost_split, minmay_holes, minmay_crystal_room,
          kennysheep_generic_room_4
Lair:1:   layout_cave_pods, portal_ice_cave_entry_pillars_1,
          serial_bayou_lake_a, serial_bayou_shore_b, infiniplex_staircase_pool

Skill      XL: |  1  2  3  4  5  6  7  8  9 10 11 12 |
---------------+-------------------------------------+-----
Long Blades    | 3 4 5 9 11 14 | 14.4
Armour         | 2 3 4 5 |  5.9
Shields        | 2 3 4 |  4.0
Fighting       | 4 5 7 8 |  8.7
Evocations     | 3 4 |  4.0
Dodging        | |  1.7

Action                   |  1- 3 |  4- 6 |  7- 9 | 10-12 || total
-------------------------+-------+-------+-------+-------++-------
Melee: Falchion          |   112 |    62 |   132 |       ||   306
       Headbutt          |       |     7 |   128 |   107 ||   242
       Long sword        |       |       |   287 |   324 ||   611
Throw: Stone             |    39 |       |    20 |    10 ||    69
       Dart              |       |       |     5 |       ||     5
Invok: Berserk           |     1 |     2 |     5 |     4 ||    12
       Trog's Hand       |       |     2 |       |     1 ||     3
       Brothers in Arms  |       |       |     1 |     2 ||     3
Evoke: Wand              |       |       |       |     8 ||     8
  Use: Scroll            |       |       |    12 |     9 ||    21
       Potion            |       |       |       |     1 ||     1
 Stab: Distracted        |     1 |       |       |       ||     1
       Confused          |       |       |       |     1 ||     1
Armor: Leather armour    |    24 |       |       |       ||    24
       Scale mail        |    30 |    30 |   106 |       ||   166
       Chain mail        |       |       |    50 |    78 ||   128
Dodge: Dodged            |    78 |    38 |   158 |    73 ||   347
Block: Buckler           |       |    17 |    86 |    49 ||   152
       Rpst.: Falchion   |    27 |    11 |    25 |       ||    63
       Long sword        |       |       |    30 |    24 ||    54

Table legend: (Time is in decaauts)
 A = Elapsed time spent in this place.
 B = Non-inter-level travel time spent in this place.
 C = Inter-level travel time spent in this place.
 D = Time resting spent in this place.
 E = Time spent auto-exploring this place.
 F = Levels seen in this place.
 G = Mean time per level.
                   A        B        C        D        E       F      G
               +--------+--------+--------+--------+--------+-----+--------+
         Total |   9318 |   8920 |    398 |    679 |   5831 |  12 |  776.5 |
       Dungeon |   7812 |   7435 |    377 |    105 |   5565 |   9 |  868.0 |
          Lair |    220 |    200 |     20 |     18 |     77 |   1 |  220.0 |
       Ossuary |    218 |    218 |      0 |      0 |     82 |   1 |  218.0 |
      Ice Cave |   1067 |   1067 |      0 |    556 |    107 |   1 | 1067.0 |
               +--------+--------+--------+--------+--------+-----+--------+

Top non-repeatable levels by time:
   IceCv: 1067 daAuts
     D:1: 998 daAuts
     D:9: 939 daAuts
     D:5: 908 daAuts
     D:2: 901 daAuts
     D:3: 874 daAuts
     D:7: 869 daAuts
     D:4: 858 daAuts
     D:8: 782 daAuts
     D:6: 679 daAuts
  Lair:1: 220 daAuts
 Ossuary: 218 daAuts
